 Dungeon Crawl Stone Soup version 0.27.1 (webtiles) character file.

Game seed: 14755358245435742401

339 hawla the Grave Robber (level 6, -1/35 HPs)
             Began as a Deep Elf Necromancer on Sept 2, 2021.
             Slain by a bullfrog (4 damage)
             ... in a sewer.
             The game lasted 00:15:00 (4402 turns).

hawla the Grave Robber (Deep Elf Necromancer)       Turns: 4402, Time: 00:15:01

Health: -1/35      AC:  3    Str:  5    XL:     6   Next: 29%
Magic:  4/15       EV: 13    Int: 22    God:
Gold:   51         SH:  0    Dex: 15    Spells: 4/15 levels left

rFire    . . .     SeeInvis .   e - staff of death
rCold    . . .     Faith    .   (no shield)
rNeg     + . .     Spirit   .   a - +0 robe
rPois    .         Reflect  .   (no helmet)
rElec    .         Harm     .   (no cloak)
rCorr    .         Rampage  .   g - +0 pair of gloves
Will     .....                  (no boots)
Stlth    ++........             (no amulet)
HPRegen  0.11/turn              (no ring)
MPRegen  0.14/turn              (no ring)

@: lethally poisoned (-1 -> -3), very slightly contaminated
A: no striking features
a: no special abilities


You were in a sewer.
You visited 1 branch of the dungeon, and saw 3 of its levels.
You also visited: Sewer.

You collected 65 gold pieces.
You spent 14 gold pieces at shops.

Inventory:

Missiles
 b - 3 poisoned darts (quivered)
Armour
 a - a +0 robe (worn)
 g - a +0 pair of gloves (worn)
Magical Staves
 e - a staff of death (weapon)
 m - a staff of earth
Jewellery
 i - a ring of fire
Scrolls
 k - a scroll of teleportation
 o - a scroll of enchant weapon {unknown}
 p - a scroll of fear {unknown}
Potions
 c - 2 potions of flight {unknown}
 d - 3 potions of haste
 f - 4 potions of magic
 h - a potion of lignification
 j - 2 potions of ambrosia {unknown}
 l - a potion of heal wounds {unknown}
 q - a potion of brilliance {unknown}
 r - a potion of might {unknown}


   Skills:
 + Level 2.1 Fighting
 + Level 2.0 Staves
 - Level 3.0 Dodging
 - Level 3.0 Stealth
 + Level 5.0 Spellcasting
 + Level 0.4 Summonings
 + Level 5.7 Necromancy
 + Level 0.3 Earth Magic
 + Level 2.2 Evocations


You had 4 spell levels left.
You knew the following spells:

 Your Spells              Type           Power      Damage    Failure   Level
a - Pain                  Necr           100%       1d9       1%          1
b - Vampiric Draining     Necr           23%        2d9       2%          3
c - Animate Dead          Necr           23%        N/A       10%         4
d - Call Canine Familiar  Summ           7%         N/A       26%         3

Your spell library contained the following spells:

 Spells                   Type           Power      Damage    Failure   Level
 Animate Skeleton         Necr           92%        N/A       1%          1
 Shock                    Conj/Air       20%        1d4       10%         1
 Portal Projectile        Hex/Tloc       10%        N/A       30%         3
 Swiftness                Air            5%         N/A       30%         3
 Leda's Liquefaction      Hex/Erth       3%         N/A       67%         4
 Airstrike                Air            2%         N/A       69%         4
 Agony                    Necr           46%        N/A       26%         5


Dungeon Overview and Level Annotations

Branches:
Dungeon (3/15)              Sewer (1/1)

Altars:

Shops:
D:1 :   D:2 (=[!


Message History

The adder poisons you! The ball python closely misses you. x2
Casting: Pain (safe; 1% risk of failure)
Confirm with . or Enter, or press ? or * to list all spells.
Aiming: Vampiric Draining (dangerous; 2% risk of failure)
Press: ? - help, Shift-Dir - straight line, f/p - adder
Aim: an adder (water, heavily wounded)
You feel a surge of power!
You draw life force from the adder!
You kill the adder!
You feel life coursing into your body.
The bullfrog croaks.
You feel sick. The adder barely misses you. x2
Your Staves skill increases to level 2!
Casting: Vampiric Draining (dangerous; 2% risk of failure)
Confirm with . or Enter, or press ? or * to list all spells.
The spell is quite dangerous to cast (26% risk of failure)!
Continue anyway?
You miscast Call Canine Familiar.
You are very lightly contaminated with residual magic.
Nothing appears to happen.
You feel sick. The ball python bites you. The ball python grabs you.
The ball python constricts you. The adder bites you. x2
Casting: Call Canine Familiar (quite dangerous; 26% risk of failure)
Confirm with . or Enter, or press ? or * to list all spells.
The spell is quite dangerous to cast (26% risk of failure)!
Continue anyway?
You miscast Call Canine Familiar.
Nothing appears to happen.
You feel sick.
The adder closely misses you. x2; The ball python loses its grip on you.
The adder bites you but does no damage. The adder bites you.
The ball python misses you. The ball python barely misses you.
The bullfrog hits you. The adder closely misses you.
You feel sick. The adder barely misses you. The bullfrog hits you.
The ball python bites you but does no damage.
The ball python closely misses you. The adder closely misses you.
As you read the scroll labelled TIRRAE KEURO, it crumbles to dust.
Wisps of shadow whirl around you...
It was a scroll of summoning.
You feel sick. The bullfrog hits you! The bullfrog hits you.
* * * LOW HITPOINT WARNING * * *
The adder bites you.
* * * LOW HITPOINT WARNING * * *
The adder bites you but does no damage. The bullfrog hits you.
* * * LOW HITPOINT WARNING * * *
The bullfrog hits you.
You die...

#..'....# #..#....#
####...##
###################....#
..≈≈≈≈≈≈≈≈≈≈≈≈≈≈≈......#
.≈≈≈≈≈≈≈≈≈≈≈≈≈≈≈≈.....##
..#≈≈≈≈≈S≈≈≈≈≈≈≈≈.....#
..≈≈≈≈≈SFF≈≈≈≈≈≈≈≈....#
..≈≈≈≈SS@.≈≈≈≈≈≈≈....##
.#≈≈≈≈≈SSwb≈≈≈≈≈≈#.###
###################


You could see 2 bullfrogs, 3 adders, 3 ball pythons, a friendly worm (summoned)
and a friendly bat (summoned).

Vanquished Creatures
  A kobold brigand (D:2)
  Jessica (D:2)
  Natasha (thrice) (D:2)
  5 adders
  3 river rats
  A worm (D:2)
  3 dart slugs
  11 endoplasms
  4 giant cockroaches
  5 goblins
  4 hobgoblins
  3 jackals (D:1)
  A quokka (D:2)
  12 ball pythons
  3 bats
  14 frilled lizards
  3 kobolds (D:2)
  31 rats
108 creatures vanquished.

Vanquished Creatures (collateral kills)
  2 ball pythons (Sewer)
  2 rats (Sewer)
4 creatures vanquished.

Vanquished Creatures (others)
  6 plants (D:1)
6 creatures vanquished.

Grand Total: 118 creatures vanquished

Notes
Turn   | Place    | Note
-------+----------+-------------------------------------------
     0 | D:1      | hawla the Deep Elf Necromancer began the quest for the Orb.
     0 | D:1      | Reached XP level 1. HP: 10/10 MP: 6/6
   620 | D:1      | Found Hubihadwi's Book Emporium.
   633 | D:1      | Reached XP level 2. HP: 3/16 MP: 4/8
   895 | D:1      | Reached skill level 5 in Necromancy
  1152 | D:1      | Found a faded altar of an unknown god.
  1373 | D:1      | Reached XP level 3. HP: 8/20 MP: 2/10
  1378 | D:1      | Learned a level 3 spell: Vampiric Draining
  1724 | D:1      | Reached skill level 1 in Fighting
  2209 | D:2      | Found Qoecwuth's Jewellery Emporium.
  2447 | D:2      | Found Ryremn's Armour Boutique.
  2745 | D:2      | Reached XP level 4. HP: 22/25 MP: 6/12
  2751 | D:2      | Learned a level 4 spell: Animate Dead
  2899 | D:2      | Noticed Natasha
  2904 | D:2      | Found Ogho's Weapon Emporium.
  2906 | D:2      | Killed Natasha
  3043 | D:2      | Reached skill level 1 in Evocations
  3086 | D:2      | Noticed Jessica
  3093 | D:2      | Killed Jessica
  3094 | D:2      | Reached skill level 1 in Staves
  3175 | D:2      | Noticed Natasha
  3184 | D:2      | Killed Natasha
  3185 | D:2      | Reached XP level 5. HP: 29/29 MP: 6/13
  3190 | D:2      | Learned a level 3 spell: Call Canine Familiar
  3193 | D:2      | Noticed Natasha
  3202 | D:2      | Killed Natasha
  3403 | D:2      | Found Atioskofa's Distillery.
  3409 | D:2      | Bought a potion of degeneration for 14 gold pieces
  3700 | D:3      | Found a glowing drain.
  3710 | D:3      | Reached XP level 6. HP: 31/35 MP: 11/15
  3720 | Sewer    | Entered a sewer
  4185 | Sewer    | Reached skill level 5 in Spellcasting
  4402 | Sewer    | Slain by a bullfrog

Illustrated notes

Levels and vault maps discovered:
D:1:      psy_arrival_radial01, layout_basic, serial_shops,
          nicolae_shop_crystal, hellmonk_ecumenical_altar_dog_temple,
          minmay_lizard_king
D:2:      layout_loops_cross, serial_shops, shop, shop, nicolae_shop_waterfront,
          shop, minmay_fountain_box, kennysheep_generic_room_2, uniq_natasha,
          uniq_jessica
D:3:      layout_rooms, tso_metal_star, portal_sewer_entry_a
Sewer:    sewer_minmay_w

Skill      XL: |  1  2  3  4  5  6 |
---------------+-------------------+-----
Necromancy     | 5 |  5.7
Stealth        | 3 |  3.0
Fighting       | 1 2 |  2.1
Dodging        | 3 |  3.0
Spellcasting   | 4 5 |  5.0
Evocations     | 1 2 |  2.2
Staves         | 1 2 |  2.0
Summonings     | |  0.4
Earth Magic    | |  0.3

Action                   |  1- 3 |  4- 6 || total
-------------------------+-------+-------++-------
Melee: Staff             |     6 |    14 ||    20
 Cast: Pain              |    69 |    69 ||   138
       Vampiric Draining |     3 |    12 ||    15
       Animate Dead      |       |     6 ||     6
       Call Canine Famil |       |     2 ||     2
  Use: Scroll            |     3 |     3 ||     6
 Stab: Sleeping          |     1 |       ||     1
Armor: Robe              |     3 |    12 ||    15
Dodge: Dodged            |    15 |    56 ||    71
